 Dungeon Crawl Stone Soup version 0.30-a0-587-gfd7c166f36 (webtiles) character file.

Game seed: 2863120089111478813

1810 Citaku the Protected (level 8, -12/73 HPs)
             Began as a Minotaur Fighter on Jan 4, 2023.
             Was a Follower of Wu Jian.
             Killed from afar by Maggie (16 damage)
             ... with a bolt of fire
             ... on level 7 of the Dungeon.
             The game lasted 00:13:18 (5547 turns).

Citaku the Protected (Minotaur Fighter)             Turns: 5547, Time: 00:13:19

Health: -12/73     AC: 10    Str: 23    XL:     8   Next: 84%
Magic:  7/7        EV: 15    Int:  5    God:    Wu Jian [*.....]
Gold:   490        SH:  0    Dex: 10    Spells: 7/7 levels left

rFire   . . .      SeeInvis .    l - +5 battleaxe
rCold   . . .      Faith    .    (shield currently unavailable)
rNeg    . . .      Spirit   .    b - +0 scale mail
rPois   .          Reflect  .    (helmet restricted)
rElec   .          Harm     .    (no cloak)
rCorr   .          Rampage  .    (no gloves)
Will    .....                    q - +0 pair of boots Stlth
                                 (no amulet)
HPRegen 0.32/turn                f - +5 ring of evasion
MPRegen 0.10/turn                (no ring)

@: mesmerised
A: horns 2, retaliatory headbutt
a: Renounce Religion


You were on level 7 of the Dungeon.
You worshipped Wu Jian.
Wu Jian was aware of your devotion.
You visited 1 branch of the dungeon, and saw 7 of its levels.
You also visited: Ossuary.

You collected 490 gold pieces.

Inventory:

Hand Weapons
 l - a +5 battleaxe (weapon)
Armour
 b - a +0 scale mail (worn)
 q - a +0 pair of boots (worn)
Jewellery
 f - a +5 ring of evasion (left hand)
Wands
 r - a wand of light (6)
Scrolls
 c - a scroll of identify
 e - 6 scrolls of teleportation
 i - 2 scrolls of vulnerability
 j - a scroll of fog
 o - 2 scrolls of magic mapping
 p - 3 scrolls of blinking
 u - a scroll of enchant armour
 v - a scroll of immolation
 w - a scroll of fear
Potions
 g - 3 potions of brilliance
 h - 2 potions of cancellation


   Skills:
 + Level 7.1 Fighting
 * Level 9.0 Axes
 * Level 9.5 Armour
 - Level 3.6 Shields


You had 7 spell levels left.
You didn't know any spells.
Your spell library contained the following spells:

 Spells                   Type           Power      Damage    Failure   Level
 Ozocubu's Armour         Ice            0%         N/A       98%         3
 Ozocubu's Refrigeration  Ice            0%         4d7       100%        7


Dungeon Overview and Level Annotations

Branches:
Dungeon (7/15)             Temple (0/1) D:6         Ossuary (visited)

Altars:
Uskayaw
Wu Jian
Yredelemnul
Zin

Shops:
D:2 ![([:   D:3 (   D:5 !

Annotations:
D:7 Maggie


Innate Abilities, Weirdness & Mutations

You have a pair of horns on your head.
You reflexively headbutt those who attack you in melee.


Message History

Maggie is heavily wounded.
Maggie misses you. You furiously retaliate!
You headbutt Maggie.
Maggie points at you and mumbles some strange words.
The bolt of fire hits you!!
You hit Maggie but do no damage. You headbutt Maggie, but do no damage.
Maggie is heavily wounded.
Maggie hits you with the +9 lance "Wyrmbane" {slay drac, rPois rF+ rC+ AC+3}.
You feel much better.
Maggie casts a spell.
Maggie draws you further into her thrall.
You hit Maggie. You headbutt Maggie, but do no damage.
Maggie is heavily wounded.
Maggie hits you with the +9 lance "Wyrmbane" {slay drac, rPois rF+ rC+ AC+3}!
You hit Maggie.
Maggie is severely wounded.
Maggie gestures at you while chanting. The bolt of fire hits you!
Okay, then.
You closely miss Maggie. You headbutt Maggie.
Maggie is severely wounded.
Maggie gestures at you while chanting. The bolt of fire hits you!
Maggie hits you with the +9 lance "Wyrmbane" {slay drac, rPois rF+ rC+ AC+3}.
You closely miss Maggie.
Maggie is severely wounded.
Maggie hits you with the +9 lance "Wyrmbane" {slay drac, rPois rF+ rC+ AC+3}.
* * * LOW HITPOINT WARNING * * *
You hit Maggie but do no damage.
Maggie is severely wounded.
Maggie mumbles some strange words.
Maggie draws you further into her thrall.
You barely miss Maggie. You headbutt Maggie, but do no damage.
Maggie is severely wounded.
Maggie hits you with the +9 lance "Wyrmbane" {slay drac, rPois rF+ rC+ AC+3}!
* * * LOW HITPOINT WARNING * * *
You barely miss Maggie.
Maggie is severely wounded.
Maggie points at you and mumbles some strange words.
The bolt of fire hits you!
You die...

##....##.# ##......#.##
#........#.# #..........#
#..........##
.##........##.#
...........##.##### #....
#.......).)#...@#.####
##.....
#........#).###@....###
#......
##.......<..####.......##
#...... .##.......###
#.........# ......
..#..#...##
#....[....####.....
..#..#...#
###..#####..##.....
.o#...#### ####
##........ .##..##
###...... #...# ###....
#..## #.#..


You could see Maggie (mesmerising).

Vanquished Creatures
  A steam dragon (D:6)
  A water moccasin (D:5)
  An orc warrior (D:6)
  An ice beast (D:5)
  2 black bears
  An ogre (D:5)
  A phantom (D:5)
  A bullfrog (D:6)
  8 wights (D:6)
  A howler monkey (D:6)
  An orc priest (D:7)
  2 jellies
  3 orc wizards
  An iguana (D:6)
  8 mummies (Ossuary)
  3 gnolls (D:5)
  5 adders
  2 white imps
  An ufetubus (D:6)
  2 worms (D:2)
  5 dart slugs
  20 orcs
  7 ball pythons
  10 endoplasms
  2 giant cockroaches
  6 hobgoblins
  8 jackals
  6 quokkas
  9 bats
  3 frilled lizards
  3 goblins
  2 hobgoblin zombies (Ossuary)
  12 kobolds
  2 kobold zombies (Ossuary)
  4 orc zombies (Ossuary)
  8 rats
153 creatures vanquished.

Notes
Turn   | Place    | Note
-------+----------+-------------------------------------------
     0 | D:1      | Citaku the Minotaur Fighter began the quest for the Orb.
     0 | D:1      | Reached XP level 1. HP: 19/19 MP: 0/0
   225 | D:1      | Reached XP level 2. HP: 27/27 MP: 1/1
   500 | D:1      | Reached XP level 3. HP: 32/33 MP: 2/2
   850 | D:2      | Found Wyighu Xoisk's Armour Boutique.
   850 | D:2      | Found Igam's Distillery.
   982 | D:2      | Reached XP level 4. HP: 39/40 MP: 3/3
   994 | D:2      | Found Jagygocrorr's Weapon Shop.
  1008 | D:2      | Found Nusux's Antique Armour Boutique.
  1142 | D:2      | Found Ciaf's Book Boutique.
  1376 | D:3      | Reached skill level 5 in Armour
  1537 | D:3      | Found an ornate altar of the Wu Jian Council.
  1544 | D:3      | Became a worshipper of the Wu Jian Council
  1634 | D:3      | Found Vipuepn's Weapon Boutique.
  1695 | D:3      | Found a basalt altar of Yredelemnul.
  1966 | D:4      | Noticed a black bear
  1973 | D:4      | Killed a black bear
  1974 | D:4      | Reached XP level 5. HP: 43/47 MP: 4/4
  2069 | D:4      | Found a hide-covered altar of Uskayaw.
  2099 | D:4      | Reached skill level 5 in Axes
  2421 | D:4      | Found a sand-covered staircase.
  2426 | Ossuary  | Entered an ossuary
  2434 | Ossuary  | Reached XP level 6. HP: 55/55 MP: 5/5
  2537 | Ossuary  | Reached skill level 5 in Fighting
  3340 | D:5      | Entered Level 5 of the Dungeon
  3573 | D:5      | Found Bupod's Distillery.
  3587 | D:5      | Noticed an ice beast
  3590 | D:5      | Reached XP level 7. HP: 61/61 MP: 6/6
  3776 | D:5      | Reached * piety under Wu Jian
  3894 | D:5      | Found a glowing silver altar of Zin.
  4472 | D:6      | Found a staircase to the Ecumenical Temple.
  4542 | D:6      | Reached XP level 8. HP: 57/70 MP: 7/7
  5510 | D:7      | Noticed Maggie
  5547 | D:7      | Killed from afar by Maggie

Illustrated notes

Levels and vault maps discovered:
D:1:      amcnicky_arrival_abandoned_market, layout_basic, minivault_19
D:2:      layout_rooms, serial_shops, nicolae_shop_crystal,
          nicolae_shop_behind_doors, nicolae_shop_hallway_plus,
          nicolae_square_shop, shop
D:3:      layout_rooms, mainiacjoe_overflow_alcove_4,
          nicolae_overflow_hidden_temple, serial_shops, nicolae_square_shop,
          minmay_liquid_box, dk_noncrumbling_3
D:4:      layout_gridville, nicolae_uskayaw_dance_hall, enter_ossuary_2
D:5:      layout_cave_pools, lemuel_crystal_altar, serial_shops, shop
D:6:      layout_cave_pods, temple_doors_e
D:7:      layout_cave_pods, trog_hazing_becter, fedhas_altar_3,
          nicolae_vehumet_altar_sigil, gammafunk_ghost_wrathful_warriors,
          uniq_maggie

Skill      XL: |  1  2  3  4  5  6  7  8 |
---------------+-------------------------+-----
Armour         | 4 5 6 8 9 |  9.5
Axes           | 3 4 5 6 7 9 |  9.0
Fighting       | 4 5 6 7 |  7.1
Shields        | |  3.6

Action                   |  1- 3 |  4- 6 |  7- 9 || total
-------------------------+-------+-------+-------++-------
Melee: War axe           |    73 |   131 |    65 ||   269
       Headbutt          |    15 |    27 |    21 ||    63
       Battleaxe         |       |       |    46 ||    46
Invok: Lunge             |       |    10 |     7 ||    17
       Whirlwind         |       |       |     3 ||     3
  Use: Scroll            |       |    10 |     2 ||    12
       Potion            |       |     9 |     3 ||    12
Armor: Scale mail        |    39 |    64 |    28 ||   131
Dodge: Dodged            |    42 |    85 |    67 ||   194
Block: Buckler           |    19 |    38 |    13 ||    70

Table legend: (Time is in decaauts)
 A = Elapsed time spent in this place.
 B = Non-inter-level travel time spent in this place.
 C = Inter-level travel time spent in this place.
 D = Time resting spent in this place.
 E = Time spent auto-exploring this place.
 F = Levels seen in this place.
 G = Mean time per level.
                   A        B        C        D        E       F      G
               +--------+--------+--------+--------+--------+-----+--------+
         Total |   5629 |   5629 |      0 |    472 |   3616 |   8 |  703.6 |
       Dungeon |   5272 |   5272 |      0 |    472 |   3377 |   7 |  753.1 |
       Ossuary |    356 |    356 |      0 |      0 |    239 |   1 |  356.0 |
               +--------+--------+--------+--------+--------+-----+--------+

Top non-repeatable levels by time:
     D:6: 1337 daAuts
     D:4: 1055 daAuts
     D:1: 869 daAuts
     D:5: 802 daAuts
     D:3: 617 daAuts
     D:2: 498 daAuts
 Ossuary: 356 daAuts
     D:7: 91 daAuts
